 Dungeon Crawl Stone Soup version 0.31-a0-233-g139696dc86 (webtiles) character file.

Game seed: 879061593191153525

100 qw the Shooter (level 4, -5/36 HPs)
             Began as a Minotaur Hexslinger on July 8, 2023.
             Slain by Grinder (6 damage)
             ... while paralysed by Grinder
             ... on level 3 of the Dungeon.
             The game lasted 00:00:37 (1861 turns).

qw the Shooter (Minotaur Hexslinger)                Turns: 1861, Time: 00:00:37

Health: -5/36      AC:  3    Str: 12    XL:     4   Next: 46%
Magic:  1/1        EV:  2    Int: 10    God:
Gold:   224        SH:  0    Dex: 15    Spells: 4/5 levels left

rFire   . . .        Y - +1 arbalest (antimagic)
rCold   . . .        (shield currently unavailable)
rNeg    . . .        a - +0 leather armour
rPois   .            (helmet restricted)
rElec   .            (no cloak)
rCorr   .            (no gloves)
SInv    .            (no boots)
Will    .....        (no amulet)
Stlth   +            (no ring)
HPRegen 0.26/turn    (no ring)
MPRegen 0.07/turn

%: no passive effects
@: paralysed
A: horns 2, retaliatory headbutt
a: no special abilities


You were on level 3 of the Dungeon.
You visited 1 branch of the dungeon, and saw 3 of its levels.

You collected 224 gold pieces.


Innate Abilities, Weirdness & Mutations

You have a pair of horns on your head.
You reflexively headbutt those who attack you in melee.


   Skills:
 + Level 2.1 Fighting
 - Level 5.0 Ranged Weapons
 - Level 2.1 Dodging
 - Level 1.0 Spellcasting
 - Level 2.0 Hexes


You had 4 spell levels left.
You knew the following spells:

 Your Spells              Type           Power      Damage    Failure   Level
a - Slow                  Hex            16%        N/A       19%         1

Your spell library contained the following spells:

 Spells                   Type           Power      Damage    Failure   Level
 Inner Flame              Hex/Fire       2%         N/A       65%         3
 Portal Projectile        Hex/Tloc       4%         N/A       65%         3
 Cause Fear               Hex            2%         N/A       88%         4

Inventory:

Hand Weapons
 Y - a +1 antimagic arbalest (weapon)
Armour
 a - a +0 leather armour (worn)
 c - a scarf of resistance
Scrolls
 d - a scroll of torment {unknown}
Potions
 b - a potion of berserk rage {unknown}
 e - a potion of lignification {unknown}
 i - a potion of magic {unknown}

Dungeon Overview and Level Annotations

Branches:
Dungeon (3/15)

Altars:

Annotations:
D:3 Grinder


Message History

You now have 220 gold pieces (gained 19).
An endoplasm is nearby!
You shoot a bolt. The bolt hits the endoplasm!
You kill the endoplasm!
A rat comes into view.
You shoot a bolt. The bolt hits the rat!
You kill the rat!
e - a blue potion
Found 2 stones.
You now have 224 gold pieces (gained 4).
You see here 2 stones.
Found a leather armour.
Enter note:
Enter note: You see here a +0 leather armour.
Found a stone staircase leading down.
Enter note:
Enter note:
Enter note: Grinder comes into view.
Found a stone staircase leading up.
Grinder shouts!
Enter note:
Enter note:
Enter note: You shoot a bolt.
The bolt hits Grinder!
Grinder's magic leaks into the air.
Grinder is moderately wounded.
Grinder barely misses you. x2
You shoot a bolt.
The bolt hits Grinder but does no damage.
Grinder is moderately wounded.
Grinder hits you.
You writhe in agony.
You shoot a bolt. The bolt hits Grinder!
Grinder's magic leaks into the air.
Grinder is heavily wounded.
Grinder gestures at you.
You suddenly lose the ability to move!
Grinder hits you!
You writhe in agony.
Grinder hits you!
You writhe in agony.
Grinder hits you.
You writhe in agony.
Grinder hits you.
You die...

#.## ## #<. ##.## #. #..
###..###.# .####>. ##
#.....#... ....... $#
#......... .....##.#
#.........
......#####.........
#..5............... #@#
####......... #.#
#.>....... #.#
#......... #.#
#......... #.#
####....## #.# ##.#.##
#.# #.%<.. ####..# ##.##
### #.#.#. ......#
######...######........#


You could see Grinder (magic disrupted).

Vanquished Creatures
  Ijyb (D:2)
  3 adders (D:2)
  A worm (D:2)
  4 ball pythons
  5 endoplasms
  3 giant cockroaches (D:1)
  3 goblins
  7 hobgoblins
  2 quokkas (D:1)
  A bat (D:1)
  4 frilled lizards
  4 kobolds (D:1)
  7 rats
45 creatures vanquished.

Notes
Turn   | Place    | Note
-------+----------+-------------------------------------------
     0 | D:1      | qw the Minotaur Hexslinger began the quest for the Orb.
     0 | D:1      | Reached XP level 1. HP: 16/16 MP: 1/1
     0 | D:1      | 0 ||| qw: Version: 0.3-a-46-gb1f654a
     0 | D:1      | 0 ||| qw: Game counter: 3761
     0 | D:1      | 0 ||| qw: Melee chars always use a shield: true
     0 | D:1      | 0 ||| qw: God list: Okawaru
     0 | D:1      | 0 ||| qw: Allow faded altars: false
     0 | D:1      | 0 ||| qw: Do Orc after clearing Dungeon:15 true
     0 | D:1      | 0 ||| qw: Do second Lair branch before Depths: true
     0 | D:1      | 0 ||| qw: Lair rune preference: random
     0 | D:1      | 0 ||| qw: Goals: Normal
     0 | D:1      | 0 ||| PLANNING D:1-11
   337 | D:1      | Reached skill level 3 in Ranged Weapons
   337 | D:1      | Reached XP level 2. HP: 21/23 MP: 2/2
   812 | D:1      | Reached XP level 3. HP: 29/29 MP: 3/3
   933 | D:1      | 933 ||| READING scroll labelled REBEUQUWYAL.
   934 | D:1      | 934 ||| READING scroll labelled TAWURE XAERO.
   935 | D:1      | 935 ||| DRINKING 2 metallic purple potions.
   936 | D:1      | 936 ||| DROPPING scroll of poison.
  1044 | D:2      | 1044 ||| SWAPPING to +1 antimagic arbalest.
  1045 | D:2      | 1045 ||| DROPPING +1 sling.
  1119 | D:2      | Reached skill level 4 in Ranged Weapons
  1240 | D:2      | Reached XP level 4. HP: 17/36 MP: 1/4
  1487 | D:2      | 1487 ||| READING scroll labelled BETICW USUJ.
  1488 | D:2      | 1488 ||| READING scroll labelled ELUOJYUNTA.
  1492 | D:2      | 1492 ||| READING scroll labelled DESHUALAUCS.
  1493 | D:2      | 1493 ||| READING scroll labelled UTYHOLUZXUHYG.
  1594 | D:2      | 1594 ||| READING scroll labelled IHOFRE CAOCS.
  1595 | D:2      | 1595 ||| DRINKING 2 glowing brown potions.
  1596 | D:2      | 1596 ||| DROPPING potion of brilliance.
  1626 | D:3      | Noticed Ijyb
  1629 | D:3      | 1629 ||| STAIRDANCE
  1631 | D:2      | 1631 ||| DRINKING potion of curing.
  1631 | D:2      | 1631 ||| (to cure confusion)
  1634 | D:2      | Killed Ijyb
  1635 | D:2      | Reached skill level 5 in Ranged Weapons
  1667 | D:2      | 1667 ||| UPGRADING to +0 leather armour.
  1677 | D:2      | 1677 ||| DROPPING +0 robe.
  1855 | D:3      | Noticed Grinder
  1858 | D:3      | Paralysed by Grinder for 5 turns
  1859 | D:3      | HP: 8/36 [Grinder (3)]
  1860 | D:3      | HP: 1/36 [Grinder (3)]
  1861 | D:3      | Slain by Grinder

Levels and vault maps discovered:
D:1:      amcnicky_arrival_gap_in_the_tavern_cellar, layout_loops_corners,
          minmay_heptomino_h4
D:2:      layout_rooms
D:3:      layout_loops_ring, kennysheep_ying_yang, jmf_multi_god_temple2,
          minmay_box_of_dots, uniq_grinder, uniq_ijyb

Skill      XL: |  1  2  3  4 |
---------------+-------------+-----
Ranged Weapons | 3 4 5 |  5.0
Fighting       | 2 |  2.1
Dodging        | |  2.1
Spellcasting   | |  1.0
Hexes          | |  2.0

Action                     |  1- 3 |  4- 6 || total
---------------------------+-------+-------++-------
   Fire: Sling             |    89 |       ||    89
         Arbalest          |    24 |    13 ||    37
    Use: Scroll            |     2 |     5 ||     7
         Potion            |     1 |     2 ||     3
 Armour: Robe              |    12 |       ||    12
  Dodge: Dodged            |    41 |     7 ||    48

Table legend:
 A = Non-vault XP
 B = Vault XP
 C = Vault XP percentage of total XP
 D = Non-vault monster count
 E = Vault monster count
 F = Vault count percentage of total count
                 A         B        C        D         E       F
            +---------+---------+-------+---------+---------+-------
      Total |     101 |      42 |  29.4 |      40 |       5 |  11.1
            +---------+---------+-------+---------+---------+-------
        D:1 |      37 |       6 |  14.0 |      23 |       4 |  14.8
        D:2 |      58 |      36 |  38.3 |      13 |       1 |   7.1
        D:3 |       6 |       0 |   0.0 |       4 |       0 |   0.0
            +---------+---------+-------+---------+---------+-------
